 Seeded DCSS version 0.30.1-9-gdf580d7c3d (webtiles) character file.

Game seed: 5 (custom seed)

2786 Kazon the Poker (level 10, -4/74 HPs)
             Began as a Human Fighter on Oct 2, 2023.
             Was a Priest of Okawaru.
             Slain by a two-headed ogre
             ... wielding a +0 giant spiked club
              (8 damage)
             ... on level 7 of the Dungeon on Oct 3, 2023.
             The game lasted 00:22:15 (4401 turns).

Kazon the Poker (Human Fighter)                     Turns: 4401, Time: 00:22:16

Health: -4/74      AC: 11    Str: 20    XL:     10   Next: 1%
Magic:  0/22       EV: 10    Int: 10    God:    Okawaru [***...]
Gold:   349        SH:  5    Dex: 18    Spells: 9/9 levels left

rFire   + . .        s - +8 lance "Wyrmbane" {slay drac, rPois rF+ rC+ AC+3}
rCold   + . .        c - +0 buckler
rNeg    . . .        b - +0 scale mail
rPois   +            l - +0 helmet
rElec   .            (no cloak)
rCorr   .            (no gloves)
SInv    .            (no boots)
Will    .....        w - amulet of guardian spirit
Stlth   +            r - ring of magical power
HPRegen 0.32/turn    x - +6 ring of dexterity
MPRegen 0.18/turn

%: guardian spirit
@: no status effects
A: no striking features
a: Renounce Religion, Heroism


You were on level 7 of the Dungeon.
You worshipped Okawaru.
Okawaru was most pleased with you.
You visited 2 branches of the dungeon, and saw 8 of its levels.
You also visited: Ossuary.

You collected 349 gold pieces.

Inventory:

Hand Weapons
 a - a +0 war axe
 e - a +2 vampiric dagger
 f - a +0 hand axe of flaming
 s - the +8 lance "Wyrmbane" (weapon) {slay drac, rPois rF+ rC+ AC+3}
   (You acquired it on level 1 of the Dungeon)

   AC:        It affects your AC (+3).
   rF:        It protects you from fire.
   rC:        It protects you from cold.
   rPois:     It protects you from poison.
Missiles
 j - 4 boomerangs
 q - 9 poisoned darts (quivered)
 y - 8 stones
Armour
 b - a +0 scale mail (worn)
 c - a +0 buckler (worn)
 i - a +0 tower shield
 l - a +0 helmet (worn)
Jewellery
 r - a ring of magical power (left hand)
 w - an amulet of guardian spirit (around neck)
 x - a +6 ring of dexterity (right hand)
Wands
 B - a wand of paralysis (8)
Scrolls
 g - a scroll of fog {unknown}
 m - a scroll of summoning
 n - 2 scrolls of magic mapping {unknown}
 o - 5 scrolls of identify {unknown}
 p - a scroll of blinking {unknown}
 C - a scroll of amnesia {unknown}
 D - a scroll of teleportation
 E - a scroll of torment {unknown}
 G - a scroll of poison {unknown}
 H - a scroll of enchant armour {unknown}
 K - 2 scrolls of fear {unknown}
 L - a scroll of enchant weapon {unknown}
Potions
 d - a potion of might
 h - a potion of resistance {unknown}
 k - 5 potions of curing {unknown}
 t - 5 potions of flight {unknown}
 u - a potion of lignification {unknown}
 v - a potion of invisibility
 z - 4 potions of heal wounds {unknown}
 A - 2 potions of berserk rage {unknown}
 F - 4 potions of attraction {unknown}
 I - a potion of haste {unknown}
 J - 2 potions of brilliance {unknown}


   Skills:
 * Level 5.5 Fighting
 * Level 1.8 Short Blades
 + Level 2.1(4.8) Axes
 + Level 6.7(6.9) Polearms
 + Level 3.6 Throwing
 + Level 5.7 Armour
 + Level 2.0 Dodging
 * Level 2.6 Stealth
 + Level 3.8 Shields
 * Level 4.3 Invocations
 * Level 4.1 Evocations


You had 9 spell levels left.
You didn't know any spells.
Your spell library contained the following spells:

 Spells                   Type           Power      Damage    Failure   Level
 Frozen Ramparts          Ice            0%         1d1       98%         3
 Ignite Poison            Fire/Tmut/Pois 0%         N/A       98%         3
 Ice Form                 Ice/Tmut       0%         N/A       100%        4
 Sticky Flame             Conj/Fire      0%         2d3       100%        4
 Eringya's Noxious Bog    Tmut/Pois      0%         N/A       100%        6
 Ignition                 Fire           0%         3d3       100%        8
 Summon Ice Beast         Ice/Summ       Unusable   N/A       N/A         4
 Summon Forest            Summ/Tloc      Unusable   N/A       N/A         5
 Summon Hydra             Summ           Unusable   N/A       N/A         7

Dungeon Overview and Level Annotations

Branches:
Dungeon (7/15)             Temple (1/1) D:4         Ossuary (visited)

Altars:
Dithmenos
Fedhas
Hepliaklqana
Okawaru
Qazlal
Trog
Uskayaw
Wu Jian
Xom
The Shining One


Message History

Reach: s) +8 lance "Wyrmbane" {slay drac, rPois rF+ rC+ AC+3}
Press: ? - help, Dir - move target, f/p - two-headed ogre
Aim: a two-headed ogre, wielding a +0 giant spiked club and a +0 giant club (very poisoned, about 17% to evade the +8 lance "Wyrmbane")
You reach to attack!
You hit the two-headed ogre but do no damage.
Reach: s) +8 lance "Wyrmbane" {slay drac, rPois rF+ rC+ AC+3}
Press: ? - help, Dir - move target, f/p - two-headed ogre
Aim: a two-headed ogre, wielding a +0 giant spiked club and a +0 giant club (lightly wounded, very poisoned, about 17% to evade the +8 lance "Wyrmbane")
You reach to attack!
You barely miss the two-headed ogre.
The two-headed ogre is lightly wounded.
You hit the two-headed ogre.
The two-headed ogre is moderately wounded.
The two-headed ogre hits you with a +0 giant spiked club.
The two-headed ogre hits you with a +0 giant club!!
You barely miss the two-headed ogre.
The two-headed ogre is lightly wounded.
You hit the two-headed ogre but do no damage.
The two-headed ogre is lightly wounded.
The two-headed ogre hits you with a +0 giant spiked club!
You block the two-headed ogre's attack.
You puncture the two-headed ogre!
The two-headed ogre is moderately wounded.
You hit the two-headed ogre.
The two-headed ogre is heavily wounded.
The two-headed ogre hits you with a +0 giant spiked club.
The two-headed ogre hits you with a +0 giant club!
You puncture the two-headed ogre!
The two-headed ogre is severely wounded.
You completely miss the two-headed ogre.
The two-headed ogre is severely wounded.
The two-headed ogre hits you with a +0 giant spiked club!!
* * * LOW HITPOINT WARNING * * *
The two-headed ogre hits you with a +0 giant club.
* * * LOW HITPOINT WARNING * * *
You puncture the two-headed ogre!
The two-headed ogre is almost dead.
You closely miss the two-headed ogre.
The two-headed ogre is almost dead.
The two-headed ogre hits you with a +0 giant spiked club!
You die...

.# #.# #.# #[# #.# ##
#.####### ..
##.######........ ##
....(.O@.........
##.#.####.###### #.
##.#.# #.# #.. ##....#
#.# #..### #.....# #.#
#..... #.....# ##.##
#..##. #..<..# #...##
#..... #....###.#.#.##
#[..#. #.#
#....##.##.##.######.....


You could see a two-headed ogre (poisoned).

Vanquished Creatures
  Sigmund (D:4)
  Duvessa (D:6)
  A water moccasin (D:6)
  2 black bears (D:4)
  2 centaurs
  2 ogres
  An elf zombie (Ossuary)
  A kobold brigand (D:7)
  2 scorpions
  4 killer bees (D:7)
  5 wights (D:7)
  Dowan (D:6)
  A howler monkey (D:6)
  A vampire bat (D:7)
  5 hounds
  A centaur zombie (Ossuary)
  3 orc priests (D:6)
  3 human zombies (Ossuary)
  A jelly (D:5)
  6 iguanas
  4 orc wizards (D:6)
  4 ogre zombies (Ossuary)
  7 mummies (Ossuary)
  4 gnolls (D:5)
  9 adders
  A white imp (D:7)
  2 ufetubi
  A worm zombie (D:7)
  2 adder zombies (Ossuary)
  3 worms
  15 orcs
  12 bats
  9 endoplasms
  A giant cockroach (D:1)
  12 goblins
  7 hobgoblins
  11 jackals
  10 kobolds
  3 quokkas (D:4)
  6 ball pythons
  3 frilled lizards
  4 goblin zombies (Ossuary)
  6 hobgoblin zombies
  3 kobold zombies
  4 quokka zombies (Ossuary)
  4 rats
  4 rat zombies (Ossuary)
195 creatures vanquished.

Notes
Turn   | Place    | Note
-------+----------+-------------------------------------------
     0 | D:1      | Kazon the Human Fighter began the quest for the Orb.
     0 | D:1      | Reached XP level 1. HP: 18/18 MP: 1/1
    45 | D:1      | Identified a scroll of acquirement
    45 | D:1      | Acquired the +8 lance "Wyrmbane" {slay drac, rPois rF+ rC+
                  | AC+3}
    45 | D:1      | Found the +8 lance "Wyrmbane" {slay drac, rPois rF+ rC+
                  | AC+3}
    60 | D:1      | Reached XP level 2. HP: 24/24 MP: 2/2
   137 | D:1      | Reached XP level 3. HP: 29/29 MP: 3/3
   813 | D:2      | Reached XP level 4. HP: 35/35 MP: 4/4
  1021 | D:2      | Reached skill level 1 in Polearms
  1021 | D:2      | Reached skill level 1 in Throwing
  1165 | D:2      | Reached XP level 5. HP: 41/41 MP: 5/5
  1577 | D:3      | Found a blossoming altar of Fedhas.
  1744 | D:3      | You fall into a shaft and drop 2 floors!
  1744 | D:5      | Entered Level 5 of the Dungeon
  1834 | D:5      | Reached skill level 2 in Polearms
  1860 | D:5      | Reached XP level 6. HP: 42/48 MP: 6/6
  2010 | D:4      | Found a staircase to the Ecumenical Temple.
  2020 | Temple   | Entered the Ecumenical Temple
  2034 | Temple   | Became a worshipper of Warmaster Okawaru
  2080 | D:3      | Found a stormy altar of Qazlal.
  2159 | D:3      | Identified the +2 sling "Qeuhanocyt" {speed, rElec Str-3
                  | Dex+2}
  2176 | D:3      | Found a faded altar of an unknown god.
  2302 | D:4      | Noticed a black bear
  2316 | D:4      | Killed a black bear
  2325 | D:4      | Found a hazy altar of Hepliaklqana.
  2326 | D:4      | Found a shadowy altar of Dithmenos.
  2326 | D:4      | Noticed a shadow
  2357 | D:4      | Reached XP level 7. HP: 55/55 MP: 7/7
  2390 | D:4      | Reached skill level 1 in Invocations
  2403 | D:4      | Reached skill level 3 in Polearms
  2734 | D:4      | Noticed Sigmund
  2743 | D:4      | Killed Sigmund
  2743 | D:4      | Reached * piety under Okawaru
  2744 | D:4      | Reached skill level 1 in Evocations
  2840 | D:4      | Reached XP level 8. HP: 61/61 MP: 9/9
  2979 | D:5      | Reached skill level 1 in Dodging
  2999 | D:5      | Reached skill level 4 in Polearms
  3198 | D:6      | Noticed Dowan
  3199 | D:6      | Noticed Duvessa
  3209 | D:6      | Killed Duvessa
  3210 | D:6      | Reached skill level 5 in Armour
  3213 | D:6      | Killed Dowan
  3213 | D:6      | Reached ** piety under Okawaru
  3331 | D:6      | Reached skill level 5 in Polearms
  3382 | D:6      | Reached XP level 9. HP: 66/67 MP: 11/11
  3391 | D:6      | Found a shimmering altar of Xom.
  3663 | D:7      | Reached skill level 5 in Fighting
  3663 | D:7      | Reached skill level 1 in Stealth
  3684 | D:7      | Reached skill level 6 in Polearms
  3695 | D:7      | Reached *** piety under Okawaru
  3756 | D:7      | Reached skill level 1 in Short Blades
  3816 | D:7      | Found a sand-covered staircase.
  3826 | Ossuary  | Entered an ossuary
  4264 | D:7      | Reached XP level 10. HP: 74/74 MP: 13/13
  4387 | D:7      | Noticed a two-headed ogre
  4399 | D:7      | HP: 3/74 [two-headed ogre/+0 giant spiked club (2)]
  4401 | D:7      | Slain by a two-headed ogre

Illustrated notes

Levels and vault maps discovered:
D:1:      ebering_trefoil_3fold, layout_basic, st_stairs_14, serial_bayou_ford_a
D:2:      layout_basic, hangedman_decor_growths, minmay_close_crescents
D:3:      layout_rooms, mainiacjoe_overflow_concentric_impassable,
          mainiacjoe_overflow_paths, shapermc_ecumenical_altar_acropolis,
          chequers_serial_rivers_micro_b
D:4:      layout_basic, riverfiend_overflow_shadow_ancestor,
          minmay_temple_entry_glass, uniq_sigmund
D:5:      layout_gridville
D:6:      layout_basic, xom_teletrap_fun, uniq_duvessa
D:7:      layout_loops_ring, enter_ossuary_3, roderic_batcave
Temple:   nicolae_temple_elliptical

Skill      XL: |  1  2  3  4  5  6  7  8  9 |
---------------+----------------------------+-----
Polearms       | 1 2 3 5 6 |  6.7
Throwing       | 1 2 3 |  3.6
Armour         | 4 5 |  5.7
Fighting       | 4 5 |  5.5
Invocations    | 2 3 4 |  4.3
Evocations     | 1 2 4 |  4.1
Dodging        | 1 2 |  2.0
Stealth        | 2 |  2.6
Short Blades   | 1 |  1.8
Axes           | |  2.1
Shields        | |  3.8

Action                     |  1- 3 |  4- 6 |  7- 9 | 10-12 || total
---------------------------+-------+-------+-------+-------++-------
  Melee: War axe           |    19 |       |       |       ||    19
         Lance             |    54 |   104 |   334 |    30 ||   522
  Throw: Stone             |       |    21 |    25 |       ||    46
         Dart              |       |     6 |     5 |     1 ||    12
         Boomerang         |       |       |    11 |     1 ||    12
 Invoke: Heroism           |       |       |     1 |       ||     1
    Use: Scroll            |     2 |     1 |     1 |       ||     4
         Potion            |     1 |       |       |       ||     1
 Armour: Scale mail        |    26 |    39 |    82 |     3 ||   150
  Dodge: Dodged            |    15 |    26 |    86 |     4 ||   131
  Block: Buckler           |    13 |     6 |    60 |     3 ||    82
